 Dungeon Crawl Stone Soup version 0.20-a0-792-g09bcfd3 (console) character file.

678 yesno the Fighter (level 7, -2/85 HPs)
             Began as an Ogre Hunter on Mar 2, 2017.
             Was a Follower of Makhleb.
             Slain by a centaur skeleton (8 damage)
             ... on level 5 of the Dungeon.
             The game lasted 00:19:54 (5737 turns).

yesno the Fighter (Ogre Hunter)                     Turns: 5737, Time: 00:19:56

Health: -2/85      AC:  3    Str: 17    XL:     7   Next: 60%
Magic:  7/7        EV: 10    Int: 12    God:    Makhleb [*.....]
Gold:   255        SH:  0    Dex: 11    Spells: 6/6 levels left

rFire    . . .     SeeInvis .   x - +0 giant spiked club
rCold    . . .     Gourm    .   b - +0 robe
rNeg     . . .     Faith    .   (shield currently unavailable)
rPois    +         Spirit   .   (helmet restricted)
rElec    .         Reflect  .   (no cloak)
rCorr    .         Harm     .   (gloves unavailable)
MR       .....                  (boots unavailable)
Stlth    +.........             (no amulet)
Regen    0.3/turn               t - ring of flight
MPRegen  0.1/turn               j - ring of poison resistance

@: very slightly contaminated, invisible
A: unfitting armour, tough skin 1
a: Renounce Religion, Evoke Flight


You were on level 5 of the Dungeon.
You worshipped Makhleb.
Makhleb was aware of your devotion.
You were not hungry.

You visited 1 branch of the dungeon, and saw 5 of its levels.

You collected 255 gold pieces.

Inventory:

Hand Weapons
 a - a +0 short sword
 x - a +0 giant spiked club (weapon)
Missiles
 c - 4 large rocks (quivered)
 d - 2 throwing nets
 q - 57 stones
Armour
 b - a +0 robe (worn)
Jewellery
 h - an uncursed ring of teleportation
 j - a ring of poison resistance (left hand)
 t - a ring of flight (right hand)
Wands
 o - a wand of digging (5/24)
 s - a wand of iceblast (7/15)
 w - a wand of flame (36/48)
Scrolls
 e - 2 scrolls of remove curse
 i - a scroll of immolation {unknown}
 k - a scroll of teleportation {unknown}
 l - a scroll of random uselessness {unknown}
 m - a scroll of fear {unknown}
 r - a scroll of fog {unknown}
 y - a scroll of magic mapping {unknown}
 z - a scroll of enchant weapon {unknown}
 A - a scroll of recharging
Potions
 g - a potion of brilliance {unknown}
 n - a potion of heal wounds {unknown}
 p - 2 potions of berserk rage
 v - a potion of ambrosia {unknown}
Comestibles
 f - 4 bread rations
 B - 2 chunks of flesh


   Skills:
 + Level 10.3 Fighting
 - Level 1.9 Maces & Flails
 - Level 4.0 Throwing
 - Level 1.7 Dodging
 - Level 0.6 Stealth


You had 6 spell levels left.
You didn't know any spells.

Dungeon Overview and Level Annotations

Branches:
Dungeon (5/15)
 Temple: D:4-7

Altars:
Makhleb
Nemelex Xobeh
Trog
Uskayaw
Yredelemnul

Annotations:
D:3 exclusion: 2 orcs


Innate Abilities, Weirdness & Mutations

You are too large for most types of armour.
You have tough skin. (AC +1)


Message History

The centaur skeleton hits you.
* * * LOW HITPOINT WARNING * * *
Found a stone staircase leading down.
You take 3 damage, and have 11/84 hp.
You barely miss the centaur.
The centaur is severely wounded.
The centaur hits you.
* * * LOW HITPOINT WARNING * * *
The centaur skeleton barely misses you. The centaur barely misses you.
The centaur skeleton hits you.
* * * LOW HITPOINT WARNING * * *
The centaur closely misses you.
You take 4 damage, and have 7/84 hp.
You thump the centaur!
You kill the centaur!
Makhleb accepts your kill.
Your Fighting skill increases to level 10!
The centaur skeleton hits you.
* * * LOW HITPOINT WARNING * * *
The centaur skeleton barely misses you. The centaur skeleton hits you!
You die...

#.....# ##
#.....# . ..#
#.....# .. #.#
#.....# ..###.#
#...$.#
.....###.....#
#..........###..
#......Z@.......
#...(.()........
#
#.....#####....>
# ####(....#
###. #
#..'.....# #
#.##.....# #
#.####+### # #[#
# #.#


You could see a centaur skeleton.

Vanquished Creatures
  2 ogres (D:4)
  A centaur (D:5)
  A scorpion (D:5)
  An iguana (D:4)
  Natasha (thrice) (D:4)
  3 worker ants
  A hound zombie (D:4)
  4 gnolls (D:2)
  9 adders
  An ooze (D:2)
  3 worms
  4 leopard geckos
  2 orcs (D:3)
  6 bats
  A giant cockroach (D:2)
  6 goblins
  5 hobgoblins
  3 jackals (D:5)
  2 quokkas
  A ball python (D:3)
  5 frilled lizards
  4 kobolds
  4 rats
72 creatures vanquished.

Notes
Turn   | Place    | Note
-------+----------+-------------------------------------------
     0 | D:1      | yesno the Ogre Hunter began the quest for the Orb.
     0 | D:1      | Reached XP level 1. HP: 22/22 MP: 1/1
    71 | D:1      | Reached skill level 3 in Fighting
   438 | D:1      | Reached XP level 2. HP: 17/32 MP: 2/2
  1253 | D:2      | Reached skill level 4 in Fighting
  1433 | D:2      | Reached XP level 3. HP: 21/40 MP: 3/3
  1704 | D:2      | Reached skill level 5 in Fighting
  1791 | D:2      | Found a basalt altar of Yredelemnul.
  1917 | D:2      | Reached XP level 4. HP: 47/50 MP: 4/4
  2036 | D:2      | Found a burning altar of Makhleb.
  2036 | D:2      | Found a bloodstained altar of Trog.
  2040 | D:2      | Became a worshipper of Makhleb the Destroyer
  2091 | D:2      | Reached skill level 6 in Fighting
  2337 | D:2      | Reached XP level 5. HP: 10/61 MP: 5/5
  3119 | D:3      | Found a sparkling altar of Nemelex Xobeh.
  3146 | D:3      | Reached skill level 7 in Fighting
  3634 | D:4      | Noticed Natasha
  3650 | D:4      | Killed Natasha
  3751 | D:4      | Noticed Natasha
  3768 | D:4      | Killed Natasha
  4001 | D:4      | Reached skill level 8 in Fighting
  4001 | D:4      | Reached XP level 6. HP: 20/72 MP: 6/6
  4878 | D:4      | Noticed Natasha
  4890 | D:4      | Killed Natasha
  5053 | D:4      | Reached skill level 9 in Fighting
  5136 | D:4      | Reached skill level 1 in Maces & Flails
  5136 | D:4      | Reached XP level 7. HP: 53/83 MP: 7/7
  5513 | D:4      | Found a hide-covered altar of Uskayaw.
  5529 | D:5      | Entered Level 5 of the Dungeon
  5610 | D:5      | Reached * piety under Makhleb
  5737 | D:5      | Reached skill level 10 in Fighting
  5737 | D:5      | Slain by a centaur skeleton

Vault maps used:
D:1:      lightli_arrival_noodles, minmay_misc_feat_square
D:2:      kennysheep_six_static_rooms, lemuel_round_altar,
          gammafunk_temple_overflow_wave, first_bread
D:3:      lemuel_doored_altar, minmay_misc_feat_tiny
D:4:      marbit_many_paths, minivault_19, uniq_natasha
D:5:      serial_shops, shop, bh_walls_and_bars

Skill      XL: |  1  2  3  4  5  6  7 |
---------------+----------------------+-----
Fighting       | 3 4 5 6 8 9 10 | 10.3
Maces & Flails | 1 |  1.9
Throwing       | |  4.0
Dodging        | |  1.7
Stealth        | |  0.6

Action                   |  1- 3 |  4- 6 |  7- 9 || total
-------------------------+-------+-------+-------++-------
Melee: Short sword       |   118 |   227 |       ||   345
       Giant spiked club |       |     2 |    40 ||    42
Throw: Large rock        |     4 |    13 |       ||    17
       Throwing net      |       |     2 |       ||     2
       Stone             |       |     1 |       ||     1
  Use: Scroll            |       |     5 |       ||     5
       Potion            |       |     4 |     1 ||     5
 Stab: Sleeping          |     1 |     2 |       ||     3
  Eat: Chunk             |     3 |     5 |       ||     8
       Bread ration      |       |     1 |     1 ||     2
Armor: Robe              |    27 |    64 |    11 ||   102
       Skin              |       |    30 |       ||    30
Dodge: Dodged            |    60 |   118 |    49 ||   227
